 Dungeon Crawl Stone Soup version 0.30-a0-610-gb513c0a51f (webtiles) character file.

Game seed: 14963360941928298142

76 M4edhros the Charlatan (level 4, -4/29 HPs)
             Began as an Octopode Artificer on Jan 8, 2023.
             Constricted to death by Ijyb (7 damage)
             ... on level 3 of the Dungeon.
             The game lasted 00:01:19 (308 turns).

M4edhros the Charlatan (Octopode Artificer)          Turns: 308, Time: 00:01:20

Health: -4/29      AC:  1    Str: 11    XL:     4   Next: 32%
Magic:  4/4        EV: 10    Int: 13    God:
Gold:   0          SH:  0    Dex: 14    Spells: 1/3 levels left

rFire   . . .      SeeInvis .      - Unarmed
rCold   . . .      Faith    .    (no shield)
rNeg    . . .      Spirit   .    (helmet restricted)
rPois   .          Reflect  .    (no amulet)
rElec   .          Harm     .    (no ring)
rCorr   .          Rampage  .    (no ring)
Will    .....                    (no ring)
Stlth   +++                      (no ring)
HPRegen 0.24/turn                (no ring)
MPRegen 0.09/turn                (no ring)
                                 (no ring)
                                 (no ring)

@: grasped by roots, hasted, constricted, very quick
A: almost no armour, amphibious, 8 rings, camouflage 1, gelatinous body 1,
(nimble swimmer 1), tentacles
a: no special abilities


You were on level 3 of the Dungeon.
You visited 1 branch of the dungeon, and saw 3 of its levels.

Inventory:

Wands
 b - a wand of flame (15) (quivered)
 c - a wand of charming (15)
 d - a wand of iceblast (3)
Scrolls
 a - 4 scrolls of identify {unknown}
 e - 2 scrolls of fog {unknown}


   Skills:
 + Level 1.6 Fighting
 + Level 2.8 Dodging
 + Level 2.4 Stealth
 * Level 1.8 Unarmed Combat
 * Level 1.2 Poison Magic
 + Level 3.7 Evocations


You had one spell level left.
You knew the following spells:

 Your Spells              Type           Power      Damage    Failure   Level
a - Poisonous Vapours     Pois/Air       2%         N/A       36%         2

Your spell library contained the following spells:

 Spells                   Type           Power      Damage    Failure   Level
 Cigotuvi's Dreadful Rot  Necr/Pois/Air  2%         N/A       38%         2
 Mephitic Cloud           Conj/Pois/Air  1%         N/A       63%         3
 Inner Flame              Hex/Fire       0%         N/A       67%         3
 Cause Fear               Hex            0%         N/A       97%         4
 Discord                  Hex            0%         N/A       100%        8
 Chain Lightning          Conj/Air       0%         N/A       100%        9
 Fire Storm               Conj/Fire      0%         5d1       100%        9
 Shatter                  Erth           0%         3d5*      100%        9


Dungeon Overview and Level Annotations

Branches:
Dungeon (3/15)

Altars:
Xom

Annotations:
D:3 Ijyb


Innate Abilities, Weirdness & Mutations

You cannot wear most types of armour.
You are amphibious.
You can wear up to eight rings at the same time.
Your skin changes colour to match your surroundings (Stealth+).
Your rubbery body absorbs attacks. (AC +1, EV +1)
((You are camouflaged when in or above water. (Stealth+)))
You have tentacles for arms and can constrict up to eight enemies at once.


Message History

You tentacle-slap Ijyb but do no damage.
You constrict Ijyb, but do no damage. The bat misses you.
Ijyb barely misses you.
You tentacle-slap Ijyb but do no damage.
You tentacle-slap Ijyb, but do no damage.
You squeeze Ijyb, but do no damage. You constrict Ijyb, but do no damage.
Ijyb hits you with a +0 club. The bat hits you.
You tentacle-slap Ijyb but do no damage.
You constrict Ijyb. The bat closely misses you.
Ijyb zaps a wand.
The roots erupt in riotous growth!
The grasping roots grab you!
Ijyb is unaffected.
The grasping roots constrict you.
Unknown command.
You tentacle-slap Ijyb.
Ijyb is lightly wounded.
You constrict Ijyb, but do no damage. Ijyb hits you with a +0 club.
The grasping roots constrict you. The bat hits you.
Okay, then.
You escape the roots grasp.
You release your grip on Ijyb.
Ijyb attacks as you move away! Ijyb hits you with a +0 club.
* * * LOW HITPOINT WARNING * * *
The bat misses you.
It was a potion of curing.
You feel better.
Ijyb zaps a wand.
The roots erupt in riotous growth!
The grasping roots grab you!
The bat is unaffected.
Ijyb is unaffected.
The grasping roots constrict you. The bat hits you.
You escape the roots grasp.
The bat hits you.
* * * LOW HITPOINT WARNING * * *
It was a potion of haste.
You feel yourself speed up.
Ijyb zaps a wand.
The roots erupt in riotous growth!
The grasping roots grab you!
Ijyb is unaffected.
The grasping roots constrict you.
* * * LOW HITPOINT WARNING * * *
You escape the roots grasp.
Ijyb zaps a wand.
The roots erupt in riotous growth!
The grasping roots grab you!
The bat is unaffected.
The now-empty wand crumbles to dust.
The grasping roots constrict you!
You die...

#.#.......# #.........##
#..# #....<### #..#
#...#...###.##
######..###...###.......
##.............#
########
##.....g........#
#...........[...#
#.......b@......#
#...............#
#...b...........#
#................#
#...>............#
##....#########..# ##...
..# #.#. ..# #. #


You could see Ijyb and a bat.

Vanquished Creatures
  Natasha (twice) (D:2)
  An adder (D:2)
  2 dart slugs
  An orc (D:2)
  A ball python (D:2)
  A bat (D:2)
  2 giant cockroaches
  A goblin (D:2)
  2 quokkas (D:1)
  A frilled lizard (D:2)
  3 rats
17 creatures vanquished.

Notes
Turn   | Place    | Note
-------+----------+-------------------------------------------
     0 | D:1      | M4edhros the Octopode Artificer began the quest for the
                  | Orb.
     0 | D:1      | Reached XP level 1. HP: 13/13 MP: 1/1
    69 | D:2      | Noticed Natasha
    72 | D:2      | Killed Natasha
    73 | D:2      | Reached skill level 1 in Unarmed Combat
    73 | D:2      | Reached XP level 2. HP: 16/18 MP: 2/2
    73 | D:2      | Reached XP level 3. HP: 21/23 MP: 3/3
   162 | D:2      | Learned a level 2 spell: Poisonous Vapours
   217 | D:2      | Noticed Natasha
   222 | D:2      | Killed Natasha
   223 | D:2      | Reached skill level 1 in Poison Magic
   223 | D:2      | Reached XP level 4. HP: 15/28 MP: 4/4
   283 | D:3      | Found a shimmering altar of Xom.
   292 | D:3      | Noticed Ijyb
   308 | D:3      | Constricted to death by Ijyb

Illustrated notes

Levels and vault maps discovered:
D:1:      dpeg_arrival_simpleton_a, layout_basic, serial_shops, shop
D:2:      layout_loops_ring, basic_altar, uniq_natasha
D:3:      layout_rooms, gammafunk_temple_overflow_wave,
          nicolae_uskayaw_suspiria, xom_butterflies,
          hellmonk_ecumenical_altar_inner_sanctum, uniq_robin, uniq_terence,
          uniq_ijyb

Skill      XL: |  1  2  3 |
---------------+----------+-----
Stealth        | 2 |  2.4
Unarmed Combat | 1 |  1.8
Poison Magic   | 1 |  1.2
Fighting       | |  1.6
Dodging        | |  2.8
Evocations     | |  3.7

Action                   |  1- 3 |  4- 6 || total
-------------------------+-------+-------++-------
Melee: Unarmed           |    39 |    14 ||    53
       Constrict         |     8 |     5 ||    13
       Tentacles         |     4 |     4 ||     8
       Punch             |     1 |     1 ||     2
Evoke: Wand              |     2 |       ||     2
  Use: Potion            |       |     2 ||     2
 Stab: Sleeping          |     2 |     2 ||     4
Armor: Skin              |     2 |       ||     2
Dodge: Dodged            |    30 |    10 ||    40

Table legend: (Time is in decaauts)
 A = Elapsed time spent in this place.
 B = Non-inter-level travel time spent in this place.
 C = Inter-level travel time spent in this place.
 D = Time resting spent in this place.
 E = Time spent auto-exploring this place.
 F = Levels seen in this place.
 G = Mean time per level.
                   A        B        C        D        E       F      G
               +--------+--------+--------+--------+--------+-----+--------+
         Total |    306 |    306 |      0 |      0 |    136 |   3 |  102.0 |
       Dungeon |    306 |    306 |      0 |      0 |    136 |   3 |  102.0 |
               +--------+--------+--------+--------+--------+-----+--------+

Top non-repeatable levels by time:
     D:2: 175 daAuts
     D:1: 69 daAuts
     D:3: 62 daAuts
